 Dungeon Sprint DCSS version 0.21.1-1-g345015f (webtiles) character file.

2646 Fang the Severer (level 9, -5/142 HPs)
             Began as a Minotaur Berserker on June 5, 2018.
             Was a High Priest of Trog.
             Impaled on a porcupine's spines (11 damage)
             ... in the Dungeon (Sprint IX: "|||||||||||||||||||||||||||||").
             The game lasted 00:01:24 (673 turns).

Fang the Severer (Minotaur Berserker)                Turns: 673, Time: 00:01:24

Health: -5/142     AC:  2    Str: 32    XL:     9   Next: 36%
Magic:  8/8        EV: 20    Int:  4    God:    Trog [*****.]
Gold:   17         SH:  0    Dex: 10    Spells: 8/8 levels left

rFire    . . .     SeeInvis .   n - +3 war axe (chop)
rCold    . . .     Gourm    .   (no shield)
rNeg     . . .     Faith    .   b - +0 animal skin
rPois    .         Spirit   .   (helmet restricted)
rElec    .         Reflect  .   (no cloak)
rCorr    .         Harm     .   (no gloves)
MR       +....     NoTele   +   (no boots)
Stlth    ..........             (no amulet)
HPRegen  0.33/turn              o - +2 ring of evasion
MPRegen  0.11/turn              p - +2 ring of evasion

@: berserking (expiring), very quick
A: retaliatory headbutt, horns 2, magic resistance 1, strong 1
a: Berserk, Trog's Hand, Brothers in Arms, Burn Spellbooks, Renounce Religion


You were in the Dungeon.
You worshipped Trog.
Trog was extremely pleased with you.
You were very hungry.

You visited 1 branch You collected 17 gold pieces.

Inventory:

Hand Weapons
 a - a +0 hand axe
 n - a +3 war axe of chopping (weapon)
Armour
 b - a +0 animal skin (worn)
Jewellery
 o - a +2 ring of evasion (left hand)
 p - a +2 ring of evasion (right hand)
Wands
 m - a wand of iceblast (10)
Scrolls
 i - 4 scrolls of blinking
 l - 4 scrolls of remove curse
 r - a scroll of identify
 s - 2 scrolls of enchant weapon
Potions
 d - 7 potions of curing
 e - 5 potions of heal wounds
 f - a potion of haste
 g - 4 potions of magic
 h - a potion of berserk rage
 k - a potion of invisibility
 q - a potion of agility
Comestibles
 c - a ration


   Skills:
 + Level 14.2 Fighting
 + Level 16.9 Axes
 + Level 6.5 Armour
 + Level 10.1 Dodging


You had 8 spell levels left.
You didn't know any spells.

Dungeon Overview and Level Annotations

Branches:
Dungeon (1/1)

Altars:
Cheibriados
Dithmenos
Elyvilon
Fedhas
Gozag
Hepliaklqana
Kikubaaqudgha
Makhleb
Nemelex Xobeh
Okawaru
Qazlal
Ru
Sif Muna
Trog
Uskayaw
Vehumet
Wu Jian
Xom
Yredelemnul
Zin
The Shining One
Beogh
Jiyva
Lugonu


Innate Abilities, Weirdness & Mutations

You reflexively headbutt those who attack you in melee.
You have a pair of horns on your head.
You are resistant to hostile enchantments. (MR+)
Your muscles are strong. (Str +2)


Message History

The 11-headed hydra bites you!
* * * LOW HITPOINT WARNING * * *
You slice one of the 11-headed hydra's heads off!
The ten-headed hydra grows two more!
You chop the 12-headed hydra into pieces!!!
You kill the 12-headed hydra!
Trog accepts your kill. Something appears at your feet!
Trog grants you a weapon!
Your Fighting skill increases to level 14!
Your Dodging skill increases to level 10!
Unknown command.
Unknown command.
The porcupine misses you.
There is an open door to the Lair, spattered with blood here.
Things that are here:
a spiny frog corpse; a rime drake corpse Unknown command.
You are struck by the porcupine's spines.
You die...

▓_▓.▓
▓_▓.▓.▓
▓_▓.▓.▓
▓_▓.▓.▓
▓_▓.▓H▓
▓_▓.▓h▓
▓_▓.▓Y▓
▓_▓.▓r▓
▓_▓.▓@▓
▓_▓.▓)▓
▓_▓.▓.▓
▓_▓.▓.▓
▓_▓.▓.▓
▓'▓.▓.▓
▓.▓.▓)▓
▓.▓.▓|▓
▓.▓.▓.▓


You could see a hippogriff, a yak, a wolf and a porcupine.

Vanquished Creatures
  A hydra (D)
  A centaur warrior (D)
  A spiny frog (D)
  A rime drake (D)
  2 hippogriffs (D)
  A vampire mosquito (D)
  A sky beast (D)
  A bullfrog (D)
  A killer bee (D)
  A crimson imp (D)
  An orc wizard (D)
  A worker ant (D)
  An adder zombie (D)
  2 worms (D)
  An orc (D)
  A bat skeleton (D)
  A bat zombie (D)
  A hobgoblin (D)
  A kobold (D)
  A bat (D)
  A frilled lizard (D)
  2 rats (D)
25 creatures vanquished.

Notes
Turn   | Place    | Note
-------+----------+-------------------------------------------
     0 | D        | Fang the Minotaur Berserker began the quest for the Orb.
     0 | D        | Reached XP level 1. HP: 19/19 MP: 0/0
     6 | D        | Reached skill level 4 in Axes
     7 | D        | Reached ** piety under Trog
    91 | D        | Noticed an orc wizard
    97 | D        | Reached *** piety under Trog
    97 | D        | Reached XP level 2. HP: 28/28 MP: 1/1
   100 | D        | Reached skill level 5 in Fighting
   100 | D        | Reached skill level 6 in Axes
   100 | D        | Reached XP level 3. HP: 37/37 MP: 2/2
   105 | D        | Reached **** piety under Trog
   137 | D        | Found a roughly hewn altar of Beogh.
   137 | D        | Found a snail-covered altar of Cheibriados.
   137 | D        | Found a shadowy altar of Dithmenos.
   137 | D        | Found a white marble altar of Elyvilon.
   137 | D        | Found a blossoming altar of Fedhas.
   137 | D        | Found an opulent altar of Gozag.
   138 | D        | Found a hazy altar of Hepliaklqana.
   139 | D        | Found a viscous altar of Jiyva.
   140 | D        | Found an ancient bone altar of Kikubaaqudgha.
   141 | D        | Found a corrupted altar of Lugonu.
   142 | D        | Found a burning altar of Makhleb.
   143 | D        | Found a sparkling altar of Nemelex Xobeh.
   144 | D        | Found an iron altar of Okawaru.
   145 | D        | Found a stormy altar of Qazlal.
   146 | D        | Found a sacrificial altar of Ru.
   147 | D        | Found a deep blue altar of Sif Muna.
   148 | D        | Found a bloodstained altar of Trog.
   149 | D        | Found a hide-covered altar of Uskayaw.
   150 | D        | Found a radiant altar of Vehumet.
   151 | D        | Found an ornate altar of the Wu Jian Council.
   152 | D        | Found a shimmering altar of Xom.
   153 | D        | Found a basalt altar of Yredelemnul.
   154 | D        | Found a glowing silver altar of Zin.
   155 | D        | Found a glowing golden altar of the Shining One.
   187 | D        | Noticed a bullfrog
   187 | D        | Noticed a hippogriff
   187 | D        | Noticed a killer bee
   199 | D        | Killed a killer bee
   199 | D        | Reached skill level 7 in Axes
   199 | D        | Reached XP level 4. HP: 47/47 MP: 3/3
   204 | D        | Reached skill level 8 in Axes
   205 | D        | Killed a hippogriff
   205 | D        | Reached ***** piety under Trog
   205 | D        | Reached skill level 11 in Axes
   205 | D        | Reached skill level 5 in Dodging
   205 | D        | Reached XP level 5. HP: 28/57 MP: 4/4
   205 | D        | Reached XP level 6. HP: 31/64 MP: 5/5
   206 | D        | Reached skill level 10 in Fighting
   380 | D        | Noticed a hippogriff
   380 | D        | Noticed a centaur warrior
   380 | D        | Noticed a sky beast
   380 | D        | Noticed a vampire mosquito
   383 | D        | Killed a vampire mosquito
   383 | D        | Received a gift from Trog
   383 | D        | Reached skill level 12 in Axes
   383 | D        | Reached skill level 5 in Armour
   384 | D        | Reached XP level 7. HP: 73/73 MP: 6/6
   393 | D        | Killed a centaur warrior
   393 | D        | Reached skill level 14 in Axes
   393 | D        | Reached XP level 8. HP: 83/85 MP: 7/7
   397 | D        | Killed a hippogriff
   397 | D        | Reached skill level 15 in Axes
   657 | D        | Gained mutation: Your muscles are strong. (Str +2) [potion of mutation]
   657 | D        | Gained mutation: You are resistant to hostile enchantments. (MR+) [potion of mutation]
   658 | D        | Noticed an eight-headed hydra
   658 | D        | Noticed a spiny frog
   658 | D        | Noticed a rime drake
   661 | D        | Killed a rime drake
   664 | D        | Noticed a hippogriff
   665 | D        | Killed a spiny frog
   665 | D        | Reached skill level 16 in Axes
   665 | D        | Reached XP level 9. HP: 93/93 MP: 8/8
   670 | D        | HP: 5/139 [11-headed hydra (16)]
   671 | D        | Killed a 12-headed hydra
   671 | D        | Received a gift from Trog
   671 | D        | Reached skill level 10 in Dodging
   673 | D        | Impaled on a porcupine's spines

Skill      XL: |  1  2  3  4  5  6  7  8  9 |
---------------+----------------------------+-----
Fighting       | 4 5 7 9 10 12 13 14 | 14.2
Axes           | 4 6 7 11 12 14 16 | 16.9
Armour         | 3 4 5 6 |  6.5
Dodging        | 3 4 5 6 8 9 10 | 10.1

Action                   |  1- 3 |  4- 6 |  7- 9 || total
-------------------------+-------+-------+-------++-------
Melee: Hand axe          |    19 |       |       ||    19
       Headbutt          |     3 |       |     9 ||    12
       War axe           |    10 |     9 |    23 ||    42
Invok: Berserk           |     2 |     1 |     1 ||     4
  Use: Potion            |       |       |     1 ||     1
  Eat: Chunk             |       |       |     2 ||     2
Armor: Animal skin       |     1 |     1 |     2 ||     4
Dodge: Dodged            |    22 |    13 |    21 ||    56
